[Event "*** SCC Grand Prix: Titled Tuesday Blitz"]
[Site "Chess.com"]
[Date "2020.09.29"]
[Round "5"]
[White "Paladin61"]
[Black "venus02"]
[Result "0-1"]
[WhiteElo "2617"]
[BlackElo "2475"]
[TimeControl "180+1"]
[EndTime "10:54:28 PDT"]
[Termination "venus02 won by resignation"]

1. b3 d5 2. Bb2 Bg4 3. f3 Bf5 4. e3 e6 5. Nc3 c5 6. e4 dxe4 7.
fxe4 Bg6 8. Nf3 Nc6 9. Bb5 Qc7 10. Qe2 a6 11. Bxc6+ Qxc6 12. O-O-O Nf6 13. d3 b5 14. Rhf1 Be7 15. Ne5 Qc7 16. Nxg6 hxg6 17. e5 Nd7 18. Rde1 Nb6 19. Rxf7 Bg5+ 20. Kb1 Qxf7 21. Ne4 Be7 22. Rf1 Qg8 23. Qf3 O-O-O 24. Nxc5 Nd5 25. Nxa6 Rf8 26. Qd1 Ne3 27. Qd2 Rxf1+ 28. Bc1 Kb7 29. Qa5 Qc8 30. Qxb5+ Ka7 31. c4 Qxa6 32. Qd7+ Qb7 0-1

[Event "*** SCC Grand Prix: Titled Tuesday Blitz"]
[Site "Chess.com"]
[Date "2020.09.29"]
[Round "5"]
[White "Khnykin_Nikolay"]
[Black "MariaFominykh"]
[Result "1-0"]
[WhiteElo "2089"]
[BlackElo "2307"]
[TimeControl "180+1"]
[EndTime "10:54:28 PDT"]
[Termination "Khnykin_Nikolay won on time"]

1. e4 e6 2. d4 d5 3. exd5 exd5 4.
c4 Nf6 5. Nc3 c6 6. Nf3 Be7 7. Ne5 O-O 8. Be2 dxc4 9. Bxc4 Nd5 10.
Qb3 Bb4 11. O-O Bxc3 12. bxc3 Na6 13. Ba3 Re8 14. Bxa6 bxa6 15. Nxc6 Qg5 16. Rfe1 Be6 17. Re5 Qg6 18. Rae1 Nf4 19. g3 Nd3 20. Rxe6 fxe6 21. Re3 Kh8 22. Ne7 Rxe7 23. Bxe7 Nf4 24. Qb7 Re8 25. Bd6 Nd5 26. Re5 h5 27. Qxa7 Nf4 28. h4 Qb1+ 29. Kh2 Nd3 30. Rxh5+ 1-0

[Event "*** SCC Grand Prix: Titled Tuesday Blitz"]
[Site "Chess.com"]
[Date "2020.09.29"]
[Round "5"]
[White "FearNoEvil12"]
[Black "GMJustin"]
[Result "1-0"]
[WhiteElo "2072"]
[BlackElo "2263"]
[TimeControl "180+1"]
[EndTime "10:54:28 PDT"]
[Termination "FearNoEvil12 won on time"]

1. e4 e5 2. d4 exd4 3. Bc4 Nf6 4. Nf3 Bb4+ 5. c3 dxc3 6. bxc3 Bc5 7. e5 d5 8. Bb3 Ne4 9. O-O c6 10. h3 O-O 11. Qc2 Bf5 12. Qb2 Nd7 13. Nbd2 Re8 14. Nxe4 dxe4 15. Nd4 Rxe5 16. Bf4 Bxd4 17. cxd4 Rb5 18.
Qd2 Nf6 19. Rad1 Be6 20. Be5 Bxb3 21. axb3 Rxb3 22. Qg5 h6 23. Qh4 Nd5 24. Qxe4 f6 25. Bg3 Qe7 26. Qf5 Re8 27. Ra1 a6 28. Kh2 Qe6 29.
Qc2 Rb5 30. Qg6 Qf7 31. Qd3 a5 32. Rfb1 Re6 33. Rxb5 1-0

[Event "*** SCC Grand Prix: Titled Tuesday Blitz"]
[Site "Chess.com"]
[Date "2020.09.29"]
[Round "5"]
[White "boasovietica"]
[Black "rududuyk"]
[Result "1-0"]
[WhiteElo "2444"]
[BlackElo "2157"]
[TimeControl "180+1"]
[EndTime "10:54:31 PDT"]
[Termination "boasovietica won by resignation"]

1. e4 e6 2. d4 d5 3. Nd2 Nf6 4. e5 Nfd7 5. f4 c5 6. c3 Nc6 7.
Ndf3 cxd4 8. cxd4 a5 9. g3 a4 10. Kf2 a3 11. b3 Nb4 12. Kg2 b6 13. h4 Ba6 14. Rh2 Bxf1+ 15. Kxf1 Qc8 16. Bd2 Qa6+ 17. Qe2 Rc8 18. Bxb4 Qxe2+ 19. Rxe2 Bxb4 20. Nh3 Rc3 21. Kg2 O-O 22. Nf2 Rfc8 23. Ne1 Rc1 24. Rxc1 Rxc1 25. Nfd3 Rxe1 26. Nxe1 Bc3 27. Nf3 b5 28. Kf2 Nb8 29. Ke3 Nc6 30. Kd3 b4 31. Rc2 Kf8 32. Rxc3 bxc3 33.
Kxc3 Ke7 34. b4 Kd7 35. Kb3 Na7 36. Kxa3 Nb5+ 37. Kb3 h6 38. a4 Nc7 39. h5 Kc6 40. g4 Kb6 41. g5 Ne8 42. Nh4 f6 43. exf6 hxg5 44. f7 1-0

[Event "*** SCC Grand Prix: Titled Tuesday Blitz"]
[Site "Chess.com"]
[Date "2020.09.29"]
[Round "5"]
[White "giantslayer83"]
[Black "barbara25"]
[Result "1-0"]
[WhiteElo "2695"]
[BlackElo "2347"]
[TimeControl "180+1"]
[EndTime "10:54:31 PDT"]
[Termination "giantslayer83 won by resignation"]

1. c4 Nf6 2. Nc3 e6 3. e4 d6 4. d4 Be7 5. Nf3 b6 6. Bd3 Bb7 7. O-O c5 8. d5 O-O 9. dxe6 fxe6 10. Ng5 Qd7 11. f4 h6 12. Nf3 Nc6 13. Qe2 e5 14. fxe5 dxe5 15. Nd5 Nd4 16. Qe1 Nxf3+ 17. Rxf3 Nxd5 18.
exd5 Rxf3 19. gxf3 b5 20. b3 bxc4 21. bxc4 Bf6 22.
Qe4 Qh3 23. Be3 Rc8 24. Rf1 Rc7 25. Qh7+ Kf8 26. Bg6 Ke7 27. Qg8 Kd6 28. Rb1 Bc8 29. Be4 Qd7 30. Rb8 Bb7 31. Re8 Qf7 32. Re6+ 1-0

[Event "*** SCC Grand Prix: Titled Tuesday Blitz"]
[Site "Chess.com"]
[Date "2020.09.29"]
[Round "5"]
[White "chessmadara"]
[Black "Loy_Konstantin"]
[Result "0-1"]
[WhiteElo "2124"]
[BlackElo "2376"]
[TimeControl "180+1"]
[EndTime "10:54:31 PDT"]
[Termination "Loy_Konstantin won by resignation"]

1. e4 c5 2. Nf3 d6 3. d4 cxd4 4. Nxd4 Nf6 5. Nc3 g6 6. Be3 Bg7 7. Qd2 O-O 8. f3 Nc6 9. g4 Bd7 10. O-O-O Ne5 11. Kb1 Qa5 12. h4 Rac8 13. Nd5 Qxd2 14.
Nxe7+ Kh8 15. Bxd2 Rce8 16. Nd5 Nxd5 17. exd5 Nxg4 18. fxg4 Bxg4 19. Rc1 Bxd4 20. Bh6 Bg7 21. Bxg7+ Kxg7 22. Rg1 Bf3 23. c4 b6 24. Bd3 Re3 25. Bc2 Rfe8 26. Rcf1 Be4 27. Rf4 Bxc2+ 28. Kxc2 R8e4 29. Rgf1 f5 30. h5 Kf6 31. h6 Rxf4 32. Rxf4 Re4 33. Rf3 Rxc4+ 34. Kd3 Re4 35. Rf2 Ke5 36. Rc2 Rh4 37. Rc7 Rxh6 38. Rxa7 Kxd5 39.
Rb7 Kc6 40. Rf7 Rh2 0-1

[Event "*** SCC Grand Prix: Titled Tuesday Blitz"]
[Site "Chess.com"]
[Date "2020.09.29"]
[Round "5"]
[White "jamalm2"]
[Black "rugbyclub"]
[Result "0-1"]
[WhiteElo "1712"]
[BlackElo "2163"]
[TimeControl "180+1"]
[EndTime "10:54:31 PDT"]
[Termination "rugbyclub won on time"]

1. Nf3 d5 2. e3 Nf6 3. c4 e6 4.
b3 c5 5. Bb2 Nc6 6. d4 cxd4 7.
exd4 Bb4+ 8. Nbd2 O-O 9. Bd3 b6 10.
O-O Bb7 11. Ne5 dxc4 12. Nxc6 Bxc6 13. bxc4 Qd7 14. Nf3 Qb7 15. Nh4 Be7 16. Qe2 Rfe8 17. f4 Rad8 18. Nf3 g6 19. Ne5 Be4 20. Bxe4 Qxe4 21. Rae1 Qxe2 22. Rxe2 Rc8 23. g4 Red8 24. g5 Nh5 25. Rc2 Ng7 26. Ng4 Nf5 27. Rd1 b5 28.
c5 Bxc5 29. Nf6+ Kh8 30. dxc5 Rxd1+ 0-1

[Event "*** SCC Grand Prix: Titled Tuesday Blitz"]
[Site "Chess.com"]
[Date "2020.09.29"]
[Round "5"]
[White "ElusiveCat"]
[Black "RU_B9"]
[Result "1-0"]
[WhiteElo "2285"]
[BlackElo "1889"]
[TimeControl "180+1"]
[EndTime "10:54:33 PDT"]
[Termination "ElusiveCat won on time"]

1. d4 Nf6 2. c4 e6 3. Nc3 Bb4 4. f3 d5 5. a3 Bxc3+ 6. bxc3 c5 7.
cxd5 Nxd5 8. dxc5 f5 9. c4 Qf6 10. Bd2 Nc3 11. Qc1 Na4 12. Rb1 Na6 13. c6 bxc6 14. e3 N6c5 15. Nh3 O-O 16. Be2 Ba6 17. O-O Rad8 18. Nf2 e5 19. Ba5 Rd7 20. Rb4 h6 21. Qc2 Nb6 22. Bxb6 axb6 23. Rxb6 Rfd8 24. Rd1 Qe6 25.
Rbb1 e4 26. fxe4 Nxe4 27. Nxe4 fxe4 28. Rxd7 Rxd7 29. a4 1-0

[Event "*** SCC Grand Prix: Titled Tuesday Blitz"]
[Site "Chess.com"]
[Date "2020.09.29"]
[Round "5"]
[White "LiemLe"]
[Black "Bulldog167"]
[Result "1-0"]
[WhiteElo "2987"]
[BlackElo "2801"]
[TimeControl "180+1"]
[EndTime "10:54:35 PDT"]
[Termination "LiemLe won on time"]

1. d4 Nf6 2. Nf3 e6 3. Bf4 b6 4. e3 Bb7 5. h3 c5 6. a3 cxd4 7. exd4 Be7 8. c4 O-O 9. Nc3 d5 10. Rc1 Nc6 11. b4 dxc4 12. Bxc4 a5 13. b5 Na7 14. a4 Rc8 15. Qd3 Ba3 16. Rc2 Bb4 17.
O-O Bxf3 18. gxf3 Bxc3 19. Rxc3 Nd5 20. Bxd5 Rxc3 21. Qxc3 Qxd5 22. Rc1 h6 23. Qe3 Rc8 24. Kg2 Rxc1 25. Qxc1 Qxd4 26. Bb8 Qxa4 27. Bxa7 Qxb5 28.
Qe3 a4 29. Bxb6 a3 30. Bd4 a2 31.
Ba1 Qb1 32. Qe5 Qg6+ 33. Kh2 Kh7 34. Qb2 f6 35. Qxa2 e5 36. Qc4 Qf7 37. Qxf7 1-0

[Event "*** SCC Grand Prix: Titled Tuesday Blitz"]
[Site "Chess.com"]
[Date "2020.09.29"]
[Round "5"]
[White "Nastya_Rakhmangulova"]
[Black "Sacbutt"]
[Result "1-0"]
[WhiteElo "2437"]
[BlackElo "2275"]
[TimeControl "180+1"]
[EndTime "10:54:35 PDT"]
[Termination "Nastya_Rakhmangulova won by resignation"]

1. e4 d5 2. exd5 Qxd5 3. Nc3 Qd6 4. d4 Nf6 5. Nf3 c6 6. g3 Bg4 7. Bg2 e6 8. O-O Be7 9. h3 Bxf3 10. Bxf3 Nbd7 11.
Bf4 Qb4 12. a3 Qa5 13. b4 Qd8 14. b5 Nd5 15. bxc6 Nxc3 16. cxd7+ Qxd7 17. Qd3 Nd5 18. Be5 O-O 19. c4 Nf6 20. Rab1 Qa4 21. Rxb7 Qxa3 22. Rb3 Qa6 23. Bxa8 Rxa8 24. Rfb1 Bd6 25. c5 Qxd3 26. Rxd3 Bxe5 27. dxe5 Nd5 28. Ra3 g6 29. Rb7 a5 30.
c6 Rc8 31. Rxa5 Rxc6 32. Raa7 Rc1+ 33. Kg2 Re1 34. Rxf7 Rxe5 35. Rg7+ Kf8 36. Rxh7 Nf6 1-0

[Event "*** SCC Grand Prix: Titled Tuesday Blitz"]
[Site "Chess.com"]
[Date "2020.09.29"]
[Round "5"]
[White "Savagelittlemole"]
[Black "Orest_Vovk"]
[Result "1-0"]
[WhiteElo "2607"]
[BlackElo "2394"]
[TimeControl "180+1"]
[EndTime "10:54:36 PDT"]
[Termination "Savagelittlemole won on time"]

1. e4 g5 2. d4 g4 3. Nc3 Bg7 4. Be3 d6 5. Bc4 c6 6. Nge2 Qa5 7. Qd2 Nf6 8. a3 b5 9. Bd3 Be6 10. O-O Nbd7 11. d5 cxd5 12. exd5 Nxd5 13. Nxd5 b4 14. Ndf4 Bxb2 15. axb4 Qxa1 16. Rxa1 Bxa1 17. Nxe6 fxe6 18. c3 Ne5 19. Bb5+ Kf7 20. Qa2 Rab8 21. Ba4 Bxc3 22. Nxc3 Rxb4 23. h3 gxh3 24. gxh3 Rg8+ 25. Kf1 Nf3 26.
Bb3 d5 27. Bxd5 Rg1+ 28. Ke2 Nd4+ 29. Bxd4 Rxd4 30. Bxe6+ Kf6 31. Bg4 Rb4 32. Qe6+ Kg5 33. Qxe7+ Kf4 34. Qxb4+ 1-0

[Event "*** SCC Grand Prix: Titled Tuesday Blitz"]
[Site "Chess.com"]
[Date "2020.09.29"]
[Round "5"]
[White "eCztery"]
[Black "aljado"]
[Result "0-1"]
[WhiteElo "2303"]
[BlackElo "2072"]
[TimeControl "180+1"]
[EndTime "10:54:38 PDT"]
[Termination "aljado won by checkmate"]

1. e4 c5 2. b3 Nc6 3. Nc3 e6 4. Bb2 Nf6 5. f4 d5 6. e5 Nd7 7.
Bb5 Qb6 8. Bxc6 Qxc6 9. Qe2 a6 10. O-O-O b5 11. Nf3 b4 12. Na4 a5 13. g4 Ba6 14.
Qf2 Bb5 15. f5 Bxa4 16. fxe6 fxe6 17. bxa4 Qxa4 18. Ng5 O-O-O 19. Nf7 Qxa2 20. Nxh8 Nb6 21. Nf7 Nc4 22. Bd4 b3 23. Nd6+ Bxd6 24. cxb3 cxd4 25. Rdf1 d3 26. Kd1 Qa1# 0-1

[Event "*** SCC Grand Prix: Titled Tuesday Blitz"]
[Site "Chess.com"]
[Date "2020.09.29"]
[Round "5"]
[White "AniJak"]
[Black "RestartingChess"]
[Result "1-0"]
[WhiteElo "2385"]
[BlackElo "2513"]
[TimeControl "180+1"]
[EndTime "10:54:40 PDT"]
[Termination "AniJak won by resignation"]

1. e4 Nf6 2. e5 Nd5 3. d4 d6 4. c4 Nb6 5. exd6 exd6 6. Nc3 Be7 7. Be3 O-O 8. Be2 Bf6 9. Nf3 Bf5 10. O-O Re8 11. Rc1 Nc6 12. b3 a5 13. d5 Ne5 14.
Bxb6 cxb6 15. Nb5 Nxf3+ 16. Bxf3 Be5 17. Qd2 Rc8 18. Rfe1 Qh4 19. g3 Qf6 20. Bg2 Bd7 21. Nc3 Bxc3 22. Rxc3 Rxe1+ 23. Qxe1 Re8 24. Re3 Rxe3 25.
Qxe3 Qa1+ 26. Bf1 g6 27. Kg2 Bh3+ 28. Kxh3 Qxf1+ 29. Kh4 Qg2 30. h3 Kg7 31. Qxb6 f6 32. Qxd6 g5+ 33. Kg4 h5+ 34. Kf5 Qxh3+ 35. Ke4 Qg4+ 36.
Ke3 Qd1 37. Qe7+ Kg6 38. Qe8+ Kg7 39. Qe7+ Kg6 40. d6 g4 41. Qe4+ Kg5 42. Qd5+ Qxd5 43. cxd5 Kf5 44. d7 1-0

[Event "*** SCC Grand Prix: Titled Tuesday Blitz"]
[Site "Chess.com"]
[Date "2020.09.29"]
[Round "5"]
[White "fabianvivasz"]
[Black "esrosenberg"]
[Result "1-0"]
[WhiteElo "2447"]
[BlackElo "2216"]
[TimeControl "180+1"]
[EndTime "10:54:42 PDT"]
[Termination "fabianvivasz won on time"]

1. e4 e5 2. Nf3 Nc6 3. Bc4 Nf6 4. d4 exd4 5. e5 Ne4 6. Bd5 Nc5 7. Nxd4 Nxd4 8. Qxd4 c6 9. Bc4 Be7 10. Nc3 O-O 11. Be3 b5 12. Be2 Re8 13. O-O a5 14. Rad1 b4 15. Ne4 Nxe4 16. Qxe4 Bb7 17. Qg4 Bf8 18.
Rxd7 Qc8 19. Bc4 Re7 20. Rfd1 c5 21. Qf5 Qc6 22. f3 Rxd7 23. Rxd7 1-0

[Event "*** SCC Grand Prix: Titled Tuesday Blitz"]
[Site "Chess.com"]
[Date "2020.09.29"]
[Round "5"]
[White "Evgeny81"]
[Black "daro94"]
[Result "0-1"]
[WhiteElo "2666"]
[BlackElo "2939"]
[TimeControl "180+1"]
[EndTime "10:54:43 PDT"]
[Termination "daro94 won by resignation"]

1. Nf3 Nf6 2. c4 b6 3. g3 Bb7 4.
Bg2 c5 5. O-O g6 6. b3 Bg7 7. Bb2 O-O 8. e3 d6 9. d4 Nbd7 10. Nc3 Ne4 11. Rc1 Nxc3 12. Bxc3 Be4 13. Qe2 Qc7 14. Rfd1 Qb7 15. d5 Bxc3 16. Rxc3 Bxf3 17.
Bxf3 b5 18. cxb5 a6 19. bxa6 Rxa6 20. Rc2 Rfa8 21. Bg2 Ra3 22. h4 Qa6 23. Qxa6 R8xa6 24. Rdd2 Kg7 25. Kf1 R6a5 26. Ke1 h6 27. Kd1 g5 28. hxg5 hxg5 29. Kc1 g4 30. Kb1 Ne5 31. Be4 Ra8 32.
Rd1 Rb8 33. Rb2 Rb4 34. Bc2 Ra8 35. Rh1 Rab8 36. a3 R4b6 37. Ka2 Ra6 38. Rh7+ Kf6 39. Rh5 Rxa3+ 40. Kb1 Rba8 41. Be4 Ra1+ 42. Kc2 Rf1 43. Rf5+ Kg7 44. Rb1 Ra2+ 45. Kc3 Rfxf2 46. Rh1 Rxf5 47. Bxf5 Rg2 0-1

[Event "*** SCC Grand Prix: Titled Tuesday Blitz"]
[Site "Chess.com"]
[Date "2020.09.29"]
[Round "5"]
[White "catzapto"]
[Black "nitpicker"]
[Result "1-0"]
[WhiteElo "2067"]
[BlackElo "2235"]
[TimeControl "180+1"]
[EndTime "10:54:43 PDT"]
[Termination "catzapto won by resignation"]

1. e4 c5 2. Nf3 Nc6 3. c3 d5 4.
exd5 Qxd5 5. d4 Bf5 6. Na3 e6 7. Nb5 Qd7 8. Bf4 Rc8 9. dxc5 Bxc5 10. Qxd7+ Kxd7 11. O-O-O+ Ke7 12. Bd6+ Bxd6 13. Nxd6 Rc7 14. Nxf5+ exf5 15. Bb5 Nh6 16. Rhe1+ Kf6 17. Bxc6 Rxc6 18.
Rd7 Rb8 19. Ree7 Re6 20. Rxb7 Rxe7 21. Rxb8 Re2 22. c4 Rxf2 23. c5 Ke6 24. c6 Kd6 25.
Nd4 Rf4 26. Rd8+ Kc7 27. Rd7+ Kc8 28. b4 a6 29. a4 Re4 30. b5 axb5 31. axb5 Ng8 32. b6 Re8 33. b7+ Kb8 34. Nb5 Ne7 35.
Rd8+ Rxd8 36. c7+ 1-0

[Event "*** SCC Grand Prix: Titled Tuesday Blitz"]
[Site "Chess.com"]
[Date "2020.09.29"]
[Round "5"]
[White "stanyga"]
[Black "eljanov"]
[Result "0-1"]
[WhiteElo "2605"]
[BlackElo "2809"]
[TimeControl "180+1"]
[EndTime "10:54:44 PDT"]
[Termination "eljanov won by resignation"]

1. e4 e5 2. Nf3 Nc6 3. Bb5 Nf6 4. Bxc6 dxc6 5. d3 Bd6 6. Nbd2 Be6 7. b3 Nd7 8. Bb2 Qe7 9. O-O O-O-O 10. Nc4 f6 11. a4 Kb8 12. a5 g5 13. a6 b6 14.
Qd2 Nf8 15. Qc3 c5 16. Ne3 Ng6 17. Nd5 Bxd5 18. exd5 Nf4 19. Qc4 Qf7 20. g3 Qxd5 21.
Qxd5 Nxd5 22. Kg2 Nb4 23. Rfc1 h5 24. Bc3 Nc6 25. Re1 Rhe8 26. h3 Nd4 27. Bxd4 cxd4 28. g4 c6 29. Re2 Bb4 30. Nd2 Bxd2 31. Rxd2 Rh8 32. Re2 Kc7 33. Kf3 Kd6 34. Ke4 Ke6 35. Rg1 hxg4 36. hxg4 Rh3 37. Rg3 Rh1 38. Rf3 Rdh8 39.
Rf5 R8h4 40. f3 R4h2 0-1

[Event "*** SCC Grand Prix: Titled Tuesday Blitz"]
[Site "Chess.com"]
[Date "2020.09.29"]
[Round "5"]
[White "GameOverBro"]
[Black "Evandro_Barbosa"]
[Result "1-0"]
[WhiteElo "2560"]
[BlackElo "2722"]
[TimeControl "180+1"]
[EndTime "10:54:46 PDT"]
[Termination "GameOverBro won on time"]

1. e4 c5 2. Ne2 Nc6 3. Nbc3 g6 4. d4 cxd4 5. Nxd4 Bg7 6. Nde2 Nf6 7. g3 O-O 8. Bg2 Rb8 9. a4 a6 10. O-O b5 11. axb5 axb5 12. Nd5 d6 13. c3 Nd7 14. Nd4 Nxd4 15. cxd4 e6 16. Nb4 Bb7 17. Be3 Nb6 18. b3 Ra8 19. Qd3 Qd7 20. Rfc1 Rxa1 21. Rxa1 Ra8 22. Qc3 f5 23. f3 fxe4 24. fxe4 Rc8 25. Qd2 Ra8 26. Qc3 Rxa1+ 27. Qxa1 Nc8 28. Qc3 Ne7 29. h4 Qd8 30. Kh2 h5 31. Qd3 Qd7 32. Bh3 d5 33. exd5 Nf5 34. dxe6 Qxe6 35.
Bxf5 gxf5 36. d5 Qe5 37. Nc6 Qb2+ 38. Kh3 f4 39. Qf5 fxe3 40. Ne7+ Kh8 41. Qxh5+ 1-0

[Event "*** SCC Grand Prix: Titled Tuesday Blitz"]
[Site "Chess.com"]
[Date "2020.09.29"]
[Round "5"]
[White "Hikaru"]
[Black "BilodeauA"]
[Result "1-0"]
[WhiteElo "3249"]
[BlackElo "2887"]
[TimeControl "180+1"]
[EndTime "10:54:47 PDT"]
[Termination "Hikaru won by resignation"]

1. Nf3 d5 2. e3 c5 3. b3 e6 4. Bb2 Nc6 5. d4 Nf6 6. Nbd2 Bd6 7. dxc5 Bxc5 8. a3 O-O 9. b4 Bb6 10. c4 a5 11. c5 Bc7 12. b5 Ne7 13. Bd3 Ng6 14. O-O Qe7 15. b6 Bb8 16. Qc2 e5 17. e4 Nf4 18. Rac1 Bg4 19. exd5 N6xd5 20. Bxh7+ Kh8 21. Rfe1 f5 22. c6 bxc6 23. Nxe5 Qh4 24. Qxc6 Bxe5 25. Bxe5 Rac8 26. Qxc8 Rxc8 27. Rxc8+ Kxh7 28. b7 Nd3 29. Bg3 Qg5 30. b8=Q Nxe1 31. Rh8+ Kg6 32.
Qe8+ 1-0

[Event "*** SCC Grand Prix: Titled Tuesday Blitz"]
[Site "Chess.com"]
[Date "2020.09.29"]
[Round "5"]
[White "EvgenyRomanov"]
[Black "OK97"]
[Result "1-0"]
[WhiteElo "2611"]
[BlackElo "2785"]
[TimeControl "180+1"]
[EndTime "10:54:47 PDT"]
[Termination "EvgenyRomanov won by resignation"]

1. b3 e5 2. Bb2 Nc6 3. c4 Nf6 4.
d3 Bb4+ 5. Nd2 d5 6. cxd5 Nxd5 7. Nf3 Qe7 8. g3 h5 9. Bg2 Be6 10. Nxe5 Nxe5 11. Bxe5 O-O-O 12. Bxg7 Rhg8 13. Bb2 Nf4 14. Bf3 Nxd3+ 15. exd3 Bxb3+ 16. Qe2 Bxd2+ 17. Kxd2 Rxd3+ 18. Qxd3 Rd8 19. axb3 Qb4+ 20. Bc3 Rxd3+ 21. Kxd3 Qb5+ 22. Kd2 Qg5+ 23. Ke1 Qe7+ 24. Kf1 Qc5 25. Rc1 h4 26. Kg2 Qf5 27. h3 c6 28. Bg4 1-0

[Event "*** SCC Grand Prix: Titled Tuesday Blitz"]
[Site "Chess.com"]
[Date "2020.09.29"]
[Round "5"]
[White "dpopadic"]
[Black "zajka-molotok"]
[Result "0-1"]
[WhiteElo "2330"]
[BlackElo "2494"]
[TimeControl "180+1"]
[EndTime "10:54:47 PDT"]
[Termination "zajka-molotok won by checkmate"]

1. e4 d6 2. Nc3 Nf6 3. f4 d5 4. e5 Ne4 5. d3 Nxc3 6. bxc3 e6 7.
Nf3 Be7 8. Be2 O-O 9. O-O c5 10. Rb1 b6 11. Kh1 Nc6 12. Qe1 f6 13. exf6 Bxf6 14. Bd2 Qd6 15. Qg3 Bd7 16. Rbe1 Rae8 17. Bd1 b5 18. h3 a5 19. Nh2 b4 20. cxb4 axb4 21. Bh5 Ra8 22. Bd1 Rxa2 23. Be3 Bc3 24. Re2 Nd4 25. Bxd4 Bxd4 26. Ng4 Kh8 27. Ne5 Bxe5 28.
Rxe5 Qxe5 29. fxe5 Rxf1+ 30. Kh2 Rxd1 31. Qg5 Ra8 32. Qe7 Ba4 33. Qxc5 Rf1 34. Qxb4 Bxc2 35. Qd6 Bxd3 36. Qxe6 Be4 37. Qc6 Raf8 38. e6 R1f2 39. Kg3 Rxg2+ 40. Kh4 g5+ 41. Kh5 Bf3+ 42. Kh6 Rf6# 0-1

[Event "*** SCC Grand Prix: Titled Tuesday Blitz"]
[Site "Chess.com"]
[Date "2020.09.29"]
[Round "5"]
[White "ajkom197"]
[Black "paulrusan"]
[Result "1-0"]
[WhiteElo "2454"]
[BlackElo "2269"]
[TimeControl "180+1"]
[EndTime "10:54:47 PDT"]
[Termination "ajkom197 won by resignation"]

1. c4 Nf6 2. g3 g6 3. Bg2 Bg7 4.
Nc3 O-O 5. e3 d6 6. Nge2 e5 7.
O-O Nbd7 8. b3 Re8 9. Bb2 c6 10. d4 e4 11. Qc2 Qe7 12. Rad1 h5 13. d5 c5 14. h3 Nf8 15. h4 Bf5 16. Nf4 a6 17.
Nce2 b5 18. Nh3 N8h7 19. Nef4 b4 20. Ra1 a5 21. a3 Ng4 22. Bxg7 Kxg7 23. axb4 axb4 24.
Ra2 Ne5 25. Rfa1 Rxa2 26. Rxa2 Nf3+ 27. Bxf3 exf3 28. Qb2+ Qf6 29. Qxf6+ Nxf6 30. Ng5 Re7 31. Kf1 Bg4 32. Ke1 Ne4 33. Nxe4 Rxe4 34. Ra6 f6 35. Rxd6 g5 36. Nd3 gxh4 37. gxh4 Bf5 38. Nf4 Rxf4 39. exf4 Bc2 40. Rc6 Bxb3 41. Rxc5 Kf7 42. Rc7+ Ke8 43.
d6 Kd8 44. c5 Bd5 45. Kd2 b3 46. Kc3 1-0

[Event "*** SCC Grand Prix: Titled Tuesday Blitz"]
[Site "Chess.com"]
[Date "2020.09.29"]
[Round "5"]
[White "parnali1611"]
[Black "Godzillator"]
[Result "0-1"]
[WhiteElo "2103"]
[BlackElo "2334"]
[TimeControl "180+1"]
[EndTime "10:54:47 PDT"]
[Termination "Godzillator won by checkmate"]

1. d4 d5 2. c4 c6 3. Nf3 Nf6 4. Nc3 a6 5. cxd5 cxd5 6. Bf4 Nc6 7. e3 Bg4 8. Be2 e6 9. O-O Bd6 10. Ne5 Bxe2 11. Qxe2 Bxe5 12. Bxe5 O-O 13. Bxf6 Qxf6 14.
Rac1 Rfc8 15. Na4 Qd8 16. Nc5 Rab8 17. Rc3 Na7 18. Rfc1 Nb5 19. R3c2 Nd6 20. b3 h6 21. h3 Rc6 22. Rc3 Rbc8 23. Qb2 a5 24. Nd3 Rxc3 25.
Rxc3 Nb5 26. Rc5 Rxc5 27. Nxc5 b6 28. Nd3 Qc7 29. a4 Nc3 30. Kf1 Ne4 31. Ke2 Qh2 32. Ne1 Qg1 33. Nd3 Qxg2 34. Qc1 Ng3+ 35. Kd2 Ne4+ 36.
Ke2 Qxh3 37. Qc8+ Kh7 38. Qc7 Qg4+ 39. Ke1 Qf5 40. Qxb6 Ng5 41. Ke2 Qf3+ 42. Ke1 Ne4 43. Qb7 f5 44. Qf7 Nc3 45. Nf4 Qd1# 0-1

[Event "*** SCC Grand Prix: Titled Tuesday Blitz"]
[Site "Chess.com"]
[Date "2020.09.29"]
[Round "5"]
[White "malakismayil"]
[Black "maxsergej"]
[Result "1-0"]
[WhiteElo "2327"]
[BlackElo "2094"]
[TimeControl "180+1"]
[EndTime "10:54:48 PDT"]
[Termination "malakismayil won on time"]

1. e4 e5 2. Nf3 Nc6 3. Bc4 Nf6 4. d3 h6 5. Nc3 Be7 6. O-O O-O 7. Be3 d6 8. h3 a6 9. a4 Na5 10. Ba2 c5 11. Nd2 Be6 12. f4 Bxa2 13. Rxa2 exf4 14. Bxf4 Nc6 15. Nf3 Nh5 16. Bh2 Nf6 17. Qe2 Rc8 18.
Qf2 Nd4 19. Kh1 Nxf3 20. Qxf3 Nd7 21. Nd5 Bf6 22. Bxd6 Re8 23. c4 Re6 24. Bg3 Qf8 25.
b3 Bd4 26. Re2 Ne5 27. Bxe5 Bxe5 28. Qh5 Bb8 29. Ref2 Qd6 30. Qxf7+ Kh8 31. Qf4 Qd8 32.
Qg4 Qd6 33. Nf4 1-0

[Event "*** SCC Grand Prix: Titled Tuesday Blitz"]
[Site "Chess.com"]
[Date "2020.09.29"]
[Round "5"]
[White "zmeeed67"]
[Black "Sadykov_Ramil"]
[Result "1-0"]
[WhiteElo "2384"]
[BlackElo "2509"]
[TimeControl "180+1"]
[EndTime "10:54:49 PDT"]
[Termination "zmeeed67 won by resignation"]

1. e4 c5 2. g3 Nc6 3. Bg2 g6 4. Ne2 Bg7 5. O-O e6 6. Nbc3 Nge7 7. a3 d5 8. exd5 exd5 9. Rb1 a5 10. d3 O-O 11. Nf4 d4 12. Ne4 b6 13. b4 axb4 14. axb4 cxb4 15. Bd2 Rb8 16. h4 h5 17. Re1 Bg4 18. Qc1 Re8 19. Ng5 Qd6 20. Qb2 Rbc8 21. Qb3 Rf8 22. Kh2 Be5 23. Re4 Kg7 24. Rbe1 f5 25.
Nfe6+ Kh8 26. Nxf8 Rxf8 27. Rxg4 hxg4 28. Nf7+ Rxf7 29. Qxf7 Nd8 30. Qe8+ Ng8 31. Rxe5 1-0

[Event "*** SCC Grand Prix: Titled Tuesday Blitz"]
[Site "Chess.com"]
[Date "2020.09.29"]
[Round "5"]
[White "kidagent"]
[Black "anon481216"]
[Result "1-0"]
[WhiteElo "2290"]
[BlackElo "2423"]
[TimeControl "180+1"]
[EndTime "10:54:49 PDT"]
[Termination "kidagent won by resignation"]

1. e4 c5 2. Nf3 d6 3. d4 cxd4 4. Nxd4 Nf6 5. Nc3 a6 6. Bg5 Nbd7 7. Qe2 h6 8. Bh4 g6 9. O-O-O Qc7 10. f4 e5 11. Nd5 Nxd5 12. exd5 Bg7 13. fxe5 Nxe5 14. h3 O-O 15. g4 Re8 16. Qf2 Bd7 17. Bg2 Rac8 18. Bf6 Bxf6 19. Qxf6 Ba4 20. Rd2 Qe7 21. Qxe7 Rxe7 22. b3 Bd7 23. Kb2 Kg7 24. Rf2 f6 25. a4 a5 26. Rhf1 Rf8 27. Rd1 f5 28. gxf5 Bxf5 29.
Rdf1 Ref7 30. Nxf5+ Rxf5 31. Rxf5 gxf5 32. c4 b6 33. Kc3 Kf6 34. Kd4 Rg8 35. Rf2 Rg5 36.
Bf1 Rg3 37. Rb2 Rd3+ 38. Bxd3 1-0

[Event "*** SCC Grand Prix: Titled Tuesday Blitz"]
[Site "Chess.com"]
[Date "2020.09.29"]
[Round "5"]
[White "ARTHURMOTIVATOR"]
[Black "SergioGarciaFuentes"]
[Result "1-0"]
[WhiteElo "2355"]
[BlackElo "2176"]
[TimeControl "180+1"]
[EndTime "10:54:50 PDT"]
[Termination "ARTHURMOTIVATOR won on time"]

1. e4 e5 2. Nc3 Nf6 3. g3 Bc5 4. Bg2 O-O 5. Nge2 Nc6 6. O-O Re8 7. d3 h6 8. h3 Nd4 9. Kh2 c6 10. Nxd4 Bxd4 11. Be3 d5 12. exd5 Bxe3 13. fxe3 Nxd5 14. Qf3 Be6 15. Ne4 Qe7 16. g4 Rf8 17.
Ng3 Qc7 18. c4 Ne7 19. Nf5 Bxf5 20. gxf5 e4+ 21. Qg3 Qxg3+ 22. Kxg3 exd3 23. Rad1 Rad8 24. Rd2 f6 25. e4 Rd4 26. b3 Rfd8 27. Rfd1 c5 28. Kf2 Nc6 29. Ke3 Ne5 30. Bf1 Kf8 31. Bxd3 1-0

[Event "*** SCC Grand Prix: Titled Tuesday Blitz"]
[Site "Chess.com"]
[Date "2020.09.29"]
[Round "5"]
[White "Marcin"]
[Black "almaguerjm"]
[Result "1-0"]
[WhiteElo "2475"]
[BlackElo "2315"]
[TimeControl "180+1"]
[EndTime "10:54:52 PDT"]
[Termination "Marcin won on time"]

1. d4 d5 2. c4 e6 3. Nf3 c5 4.
cxd5 exd5 5. Nc3 Nc6 6. g3 Nf6 7. Bg2 cxd4 8. Nxd4 Bc5 9. Nb3 Bb6 10. O-O d4 11.
Na4 O-O 12. Nxb6 axb6 13. Bxc6 bxc6 14. Qxd4 Qc7 15. Bf4 Qb7 16. Be5 c5 17. Qh4 Ng4 18. Bc3 Re8 19. f3 Nh6 20. e4 f6 21. Bxf6 Be6 22.
Bc3 Qf7 23. Kg2 Rf8 24. Nc1 Bg4 25. Nd3 Bxf3+ 26. Kg1 Qb7 27. Rae1 Rae8 28. Ne5 Bxe4 29. Rxf8+ Rxf8 30. Qxe4 Qa6 31. Qd5+ Kh8 32. Nf7+ Nxf7 33. Qxf7 1-0